TOP OF THE 1ST |
South Carolina Gamecocks batting - Pitching for Texas Longhorns : RHP Fernando Castillo
|
Pitching: RHP Fernando Castillo
|
|
Batting: LHB Josh Pérez
|
0-0: Ball 1-0: Swinging Strike 1-1: Called Strike 1-2: Foul Ball, location: 2F 1-2: Ball 2-2: Ball 3-2: Foul Ball, location: 2F 3-2: Foul Ball, location: 2F 3-2: Base on Balls
|
Batting: RHB Carl Johnston
|
0-0: Called Strike 0-1: Ball 1-1: Ball 2-1: Swinging Strike 2-2: Ball 3-2: Strikes out swinging
|
Batting: RHB Junior Adams
|
0-0: Ball 1-0: Foul Ball, location: 2F 1-1: Fly out, F8 (Flyball, 78M)
|
Batting: RHB Doug O'Brien
|
0-0: Ball Wild Pitch! Josh Pérez to second 1-0: Called Strike 1-1: Ball 2-1: Swinging Strike 2-2: Ball 3-2: Ground out 6-3 (Groundball, 6)
|
Top of the 1st over - 0 run(s), 0 hit(s), 0 error(s), 1 left on base; South Carolina 0 - Texas 0 |
BOTTOM OF THE 1ST |
Texas Longhorns batting - Pitching for South Carolina Gamecocks : RHP Rafael Lerma
|
Pitching: RHP Rafael Lerma
|
|
Batting: LHB Jon Rogers
|
0-0: Ball 1-0: Called Strike 1-1: Ball 2-1: Ball 3-1: Base on Balls
|
Batting: RHB Rich Henley
|
0-0: Ball 1-0: Called Strike 1-1: Foul Ball, location: 2F 1-2: Ball 2-2: Fly out, F8 (Flyball, 8LM)
|
Batting: LHB Gabriel Ortíz
|
0-0: Ball 1-0: Ball Jon Rogers steals 2nd base 2-0: Fly out, F7 (Popup, 7S)
|
Batting: RHB Jason Erickson
|
0-0: Fly out, F9 (Flyball, 9S)
|
Bottom of the 1st over - 0 run(s), 0 hit(s), 0 error(s), 1 left on base; South Carolina 0 - Texas 0 |
TOP OF THE 2ND |
South Carolina Gamecocks batting - Pitching for Texas Longhorns : RHP Fernando Castillo
|
Batting: RHB Lewis Carter
|
0-0: Ball 1-0: Swinging Strike 1-1: Called Strike 1-2: Foul Ball, location: 2F 1-2: Strikes out swinging
|
Batting: RHB Taylor Justice
|
0-0: Foul Ball, location: 2F 0-1: Fly out, F7 (Flyball, 78M)
|
Batting: RHB Clint Ratzlaff
|
0-0: Foul Ball, location: 2F 0-1: Ball 1-1: Ball 2-1: Called Strike 2-2: SINGLE (Groundball, 56)
|
Batting: RHB José Zúńiga
|
0-0: Ball 1-0: Called Strike 1-1: Ball 2-1: Foul Ball, location: 2F 2-2: Reached on error, E6 (Groundball, 56) Clint Ratzlaff to second
|
Batting: RHB Gary Wyatt
|
0-0: Called Strike 0-1: Ball 1-1: Foul Ball, location: 2F 1-2: Ball 2-2: Fly out, F8 (Flyball, 8LS)
|
Top of the 2nd over - 0 run(s), 1 hit(s), 1 error(s), 2 left on base; South Carolina 0 - Texas 0 |
BOTTOM OF THE 2ND |
Texas Longhorns batting - Pitching for South Carolina Gamecocks : RHP Rafael Lerma
|
Batting: LHB Gerald Galloway
|
0-0: Ball 1-0: Ball 2-0: Ball 3-0: Base on Balls
|
Batting: RHB Shane O'Higgins
|
0-0: Fielders Choice at 2nd, 5-4 (Groundball, 5L)
|
Batting: SHB Ron Taylor
|
0-0: Called Strike 0-1: Ball 1-1: Foul Ball, location: 2F 1-2: Grounds into double play, 4-6-3 (Groundball, 4)
|
Bottom of the 2nd over - 0 run(s), 0 hit(s), 0 error(s), 0 left on base; South Carolina 0 - Texas 0 |
TOP OF THE 3RD |
South Carolina Gamecocks batting - Pitching for Texas Longhorns : RHP Fernando Castillo
|
Batting: LHB Josh Pérez
|
0-0: Ball 1-0: Ball 2-0: Ball 3-0: Base on Balls
|
Batting: RHB Carl Johnston
|
0-0: Foul Ball, location: 2F 0-1: Reached on error, E5 (Groundball, 5) Josh Pérez to second
|
Batting: RHB Junior Adams
|
0-0: Called Strike 0-1: Called Strike 0-2: Ball 1-2: Strikes out looking
|
Batting: RHB Doug O'Brien
|
0-0: Ball 1-0: Ball 2-0: Called Strike 2-1: Foul Ball, location: 2F 2-2: Fly out, F3 (Popup, 3F)
|
Batting: RHB Lewis Carter
|
0-0: Swinging Strike 0-1: Foul Ball, location: 2F 0-2: Ball 1-2: Fly out, F7 (Line Drive, 78M)
|
Top of the 3rd over - 0 run(s), 0 hit(s), 1 error(s), 2 left on base; South Carolina 0 - Texas 0 |
BOTTOM OF THE 3RD |
Texas Longhorns batting - Pitching for South Carolina Gamecocks : RHP Rafael Lerma
|
Batting: LHB Sam Haynes
|
0-0: Ball 1-0: Ball 2-0: Called Strike 2-1: Foul Ball, location: 2F 2-2: Ball 3-2: Base on Balls
|
Batting: RHB Eugene Salazar
|
0-0: Foul Ball, location: 2F 0-1: Grounds into double play, 6-4-3 (Groundball, 6)
|
Batting: LHB Jon Rogers
|
0-0: Ball 1-0: Called Strike 1-1: Fly out, F6 (Popup, 6D)
|
Bottom of the 3rd over - 0 run(s), 0 hit(s), 0 error(s), 0 left on base; South Carolina 0 - Texas 0 |
TOP OF THE 4TH |
South Carolina Gamecocks batting - Pitching for Texas Longhorns : RHP Fernando Castillo
|
Batting: RHB Taylor Justice
|
0-0: Called Strike 0-1: Ball 1-1: Ball 2-1: Foul Ball, location: 2F 2-2: Foul Ball, location: 2F 2-2: Strikes out swinging
|
Batting: RHB Clint Ratzlaff
|
0-0: Ball 1-0: Ground out 4-3 (Groundball, 4M)
|
Batting: RHB José Zúńiga
|
0-0: Called Strike 0-1: Foul Ball, location: 2F 0-2: Foul Ball, location: 2F 0-2: Ball 1-2: Foul Ball, location: 2F 1-2: Ball 2-2: Ground out 6-3 (Groundball, 6)
|
Top of the 4th over - 0 run(s), 0 hit(s), 0 error(s), 0 left on base; South Carolina 0 - Texas 0 |
BOTTOM OF THE 4TH |
Texas Longhorns batting - Pitching for South Carolina Gamecocks : RHP Rafael Lerma
|
Batting: RHB Rich Henley
|
0-0: Ball 1-0: Ground out 6-3 (Groundball, 6)
|
Batting: LHB Gabriel Ortíz
|
0-0: Called Strike 0-1: Ball 1-1: Swinging Strike 1-2: Foul Ball, location: 2F 1-2: Foul Ball, location: 2F 1-2: Ball 2-2: Strikes out swinging
|
Batting: RHB Jason Erickson
|
0-0: Called Strike 0-1: Foul Ball, location: 2F 0-2: Foul Ball, location: 2F 0-2: Ball 1-2: Ground out 6-3 (Groundball, 6M)
|
Bottom of the 4th over - 0 run(s), 0 hit(s), 0 error(s), 0 left on base; South Carolina 0 - Texas 0 |
TOP OF THE 5TH |
South Carolina Gamecocks batting - Pitching for Texas Longhorns : RHP Fernando Castillo
|
Pitching: RHP Mike Clark
|
|
Batting: RHB Gary Wyatt
|
0-0: Ball 1-0: Ground out 4-3 (Groundball, 4)
|
Batting: LHB Josh Pérez
|
0-0: Ball 1-0: Foul Ball, location: 2F 1-1: Swinging Strike 1-2: Ball 2-2: Ball 3-2: Foul Ball, location: 2F 3-2: Foul Ball, location: 2F 3-2: Base on Balls
|
Batting: RHB Carl Johnston
|
0-0: Grounds into double play, 6-4-3 (Groundball, 6)
|
Top of the 5th over - 0 run(s), 0 hit(s), 0 error(s), 0 left on base; South Carolina 0 - Texas 0 |
BOTTOM OF THE 5TH |
Texas Longhorns batting - Pitching for South Carolina Gamecocks : RHP Rafael Lerma
|
Batting: LHB Gerald Galloway
|
0-0: Foul Ball, location: 2F 0-1: Ground out 4-3 (Groundball, 34)
|
Batting: RHB Shane O'Higgins
|
0-0: Called Strike 0-1: Ball 1-1: Fly out, F8 (Flyball, 8RXD)
|
Batting: SHB Ron Taylor
|
0-0: Ball 1-0: Called Strike 1-1: Swinging Strike 1-2: Strikes out swinging
|
Bottom of the 5th over - 0 run(s), 0 hit(s), 0 error(s), 0 left on base; South Carolina 0 - Texas 0 |
TOP OF THE 6TH |
South Carolina Gamecocks batting - Pitching for Texas Longhorns : RHP Mike Clark
|
Batting: RHB Junior Adams
|
0-0: Ball 1-0: Ball 2-0: Called Strike 2-1: Foul Ball, location: 2F 2-2: Strikes out swinging
|
Batting: RHB Doug O'Brien
|
0-0: Ball 1-0: Called Strike 1-1: Ball 2-1: Called Strike 2-2: Ball 3-2: Base on Balls
|
Batting: RHB Lewis Carter
|
0-0: Called Strike 0-1: Ball 1-1: Swinging Strike 1-2: Ball 2-2: Foul Ball, location: 2F 2-2: Foul Ball, location: 2F 2-2: Foul Ball, location: 2F 2-2: Foul Ball, location: 2F 2-2: Ball 3-2: Strikes out swinging
|
Batting: RHB Taylor Justice
|
0-0: Called Strike 0-1: Ball 1-1: Ball 2-1: SINGLE (Line Drive, 78M) Doug O'Brien to second
|
Batting: RHB Clint Ratzlaff
|
0-0: Ball 1-0: Called Strike 1-1: Ground out 1-3 (Groundball, 13S)
|
Top of the 6th over - 0 run(s), 1 hit(s), 0 error(s), 2 left on base; South Carolina 0 - Texas 0 |
BOTTOM OF THE 6TH |
Texas Longhorns batting - Pitching for South Carolina Gamecocks : RHP Rafael Lerma
|
Batting: LHB Sam Haynes
|
0-0: Ball 1-0: SOLO HOME RUN (Flyball, 9D), Distance : 346 ft
|
Batting: RHB Eugene Salazar
|
0-0: Ground out 5-3 (Groundball, 5)
|
Batting: LHB Jon Rogers
|
0-0: Ball 1-0: Foul Ball, location: 2F 1-1: Ground out 3-1 (Groundball, 3)
|
Batting: RHB Rich Henley
|
0-0: Ball 1-0: Ball 2-0: Ball 3-0: Base on Balls
|
Batting: LHB Gabriel Ortíz
|
0-0: Fly out, F7 (Flyball, 7M)
|
Bottom of the 6th over - 1 run(s), 1 hit(s), 0 error(s), 1 left on base; South Carolina 0 - Texas 1 |
TOP OF THE 7TH |
South Carolina Gamecocks batting - Pitching for Texas Longhorns : RHP Mike Clark
|
Pitching: RHP Thomas O'Connor
|
|
Batting: RHB José Zúńiga
|
0-0: Swinging Strike 0-1: Fly out, F7 (Flyball, 7LMF)
|
Batting: RHB Gary Wyatt
|
0-0: Swinging Strike 0-1: Foul Ball, location: 2F 0-2: Ball 1-2: Ball 2-2: Ball 3-2: Strikes out swinging
|
Batting: LHB Josh Pérez
|
0-0: Foul Ball, location: 2F 0-1: Ball 1-1: SINGLE (Groundball, 34D)
|
Batting: RHB Carl Johnston
|
0-0: Ball Josh Pérez steals 2nd base 1-0: Called Strike 1-1: Ball 2-1: Ball 3-1: Foul Ball, location: 2F 3-2: Base on Balls
|
Batting: RHB Junior Adams
|
0-0: Fly out, F8 (Flyball, 8LD)
|
Top of the 7th over - 0 run(s), 1 hit(s), 0 error(s), 2 left on base; South Carolina 0 - Texas 1 |
BOTTOM OF THE 7TH |
Texas Longhorns batting - Pitching for South Carolina Gamecocks : RHP Rafael Lerma
|
Batting: RHB Jason Erickson
|
0-0: Called Strike 0-1: Fly out, F5 (Line Drive, 5)
|
Batting: LHB Gerald Galloway
|
0-0: Ball 1-0: Foul Ball, location: 2F 1-1: Ground out 4-3 (Groundball, 34)
|
Batting: RHB Shane O'Higgins
|
0-0: Ball 1-0: SINGLE (Line Drive, 34)
|
Batting: SHB Ron Taylor
|
0-0: Ball 1-0: Foul Ball, location: 2F 1-1: Ball 2-1: Fly out, F8 (Flyball, 8LM)
|
Bottom of the 7th over - 0 run(s), 1 hit(s), 0 error(s), 1 left on base; South Carolina 0 - Texas 1 |
TOP OF THE 8TH |
South Carolina Gamecocks batting - Pitching for Texas Longhorns : RHP Thomas O'Connor
|
Pitching: RHP Jorge Valenzuela
|
|
Now at 1B: Jonathon Terry
|
|
Batting: RHB Doug O'Brien
|
0-0: Ball 1-0: Ball 2-0: SOLO HOME RUN (Flyball, 78XD), Distance : 376 ft
|
Batting: RHB Lewis Carter
|
0-0: Ball 1-0: Ball 2-0: TRIPLE (Groundball, 3L)
|
Batting: RHB Taylor Justice
|
0-0: Intentional Walk
|
Batting: RHB Clint Ratzlaff
|
0-0: Ground out 6-3 (Groundball, 6) Taylor Justice to second
|
Pinch Hitting: RHB Fernando Pérez
|
0-0: Intentional Walk
|
Batting: RHB Gary Wyatt
|
0-0: GRAND SLAM HOME RUN (Flyball, 7D), Distance : 342 ft
|
Pitching: RHP Sherwood Bailey
|
|
Batting: LHB Josh Pérez
|
0-0: Called Strike 0-1: Ball 1-1: Swinging Strike 1-2: Foul Ball, location: 2F 1-2: Strikes out swinging
|
Batting: RHB Carl Johnston
|
0-0: Ball 1-0: Swinging Strike 1-1: Foul Ball, location: 2F 1-2: Strikes out swinging
|
Top of the 8th over - 5 run(s), 3 hit(s), 0 error(s), 0 left on base; South Carolina 5 - Texas 1 |
BOTTOM OF THE 8TH |
Texas Longhorns batting - Pitching for South Carolina Gamecocks : RHP Rafael Lerma
|
Now at 2B: Will Jones
|
|
Batting: LHB Sam Haynes
|
0-0: Ball 1-0: Ball 2-0: SOLO HOME RUN (Flyball, 78XD), Distance : 389 ft
|
Pitching: RHP Dan McKnight
|
|
Batting: RHB Eugene Salazar
|
0-0: DOUBLE (Line Drive, 78M)
|
Batting: LHB Jon Rogers
|
0-0: Ball 1-0: Foul Ball, location: 2F 1-1: Ball 2-1: Ground out 3-1 (Groundball, 34) Eugene Salazar to third
|
Batting: RHB Rich Henley
|
0-0: Swinging Strike 0-1: Foul Ball, location: 2F 0-2: Ball 1-2: Strikes out swinging
|
Batting: LHB Gabriel Ortíz
|
0-0: Called Strike 0-1: Ball 1-1: Ball 2-1: Swinging Strike 2-2: SINGLE (Line Drive, 78S) Eugene Salazar scores
|
Batting: RHB Jason Erickson
|
0-0: Called Strike 0-1: Ball 1-1: SINGLE (Line Drive, 6MD) Gabriel Ortíz to second
|
Pinch Hitting: RHB Jeff Blanton
|
0-0: Called Strike 0-1: Ball 1-1: Ball 2-1: SINGLE (Flyball, 9LS) Gabriel Ortíz to third Jason Erickson to second Runner from 3rd tries for Home, SAFE, no throw or cutoff
|
Batting: RHB Shane O'Higgins
|
0-0: Ball 1-0: Foul Ball, location: 2F 1-1: Ground out 4-3 (Groundball, 4)
|
Bottom of the 8th over - 3 run(s), 5 hit(s), 0 error(s), 2 left on base; South Carolina 5 - Texas 4 |
TOP OF THE 9TH |
South Carolina Gamecocks batting - Pitching for Texas Longhorns : RHP Sherwood Bailey
|
Pitching: LHP Alejandro Flores
|
|
Now at 1B: John Fitzgerald
|
|
Batting: RHB Junior Adams
|
0-0: Ball 1-0: Swinging Strike 1-1: Reached on error, E5 (Groundball, 5L)
|
Batting: RHB Doug O'Brien
|
0-0: Ball 1-0: Ball 2-0: Foul Ball, location: 2F 2-1: Fly out, F9 (Flyball, 9LMF)
|
Batting: RHB Lewis Carter
|
0-0: Ball 1-0: Ball 2-0: Ball 3-0: Called Strike 3-1: Called Strike 3-2: Strikes out looking
|
Batting: RHB Taylor Justice
|
0-0: Called Strike 0-1: Called Strike 0-2: Foul Ball, location: 2F 0-2: Foul Ball, location: 2F Pickoff Throw to First - Error! E1 Junior Adams to second 0-2: Ball Wild Pitch! Junior Adams to third 1-2: Ball 2-2: Ball 3-2: Foul Ball, location: 2F 3-2: Base on Balls
|
Batting: RHB Clint Ratzlaff
|
0-0: Foul Ball, location: 2F 0-1: Ground out 5-3 (Groundball, 6)
|
Top of the 9th over - 0 run(s), 0 hit(s), 2 error(s), 2 left on base; South Carolina 5 - Texas 4 |
BOTTOM OF THE 9TH |
Texas Longhorns batting - Pitching for South Carolina Gamecocks : RHP Dan McKnight
|
Pitching: RHP Ray Hall
|
|
Batting: SHB Ron Taylor
|
0-0: Fly out, F7 (Flyball, 78M)
|
Batting: LHB Sam Haynes
|
0-0: Called Strike 0-1: Ground out 4-3 (Groundball, 4M)
|
Batting: RHB Eugene Salazar
|
0-0: Swinging Strike 0-1: Foul Ball, location: 2F 0-2: Foul Ball, location: 2F 0-2: Ball 1-2: Strikes out swinging
|
Bottom of the 9th over - 0 run(s), 0 hit(s), 0 error(s), 0 left on base; South Carolina 5 - Texas 4 |
|